 Dungeon Crawl Stone Soup version 0.30-a0-1161-g0704695555 (webtiles) character file.

Game seed: 12133586741116384460

98863 meatpath the Warrior (level 15, 0/149 HPs)
             Began as a Pale Draconian Berserker on Apr 27, 2023.
             Was the Champion of Trog.
             Slain by a two-headed ogre
             ... wielding a +0 giant club
              (8 damage)
             ... while paralysed by an ogre mage
             ... on level 2 of the Orcish Mines.
             The game lasted 00:56:02 (20768 turns).

meatpath the Warrior (Pale Draconian Berserker)    Turns: 20768, Time: 00:56:02

Health: 0/149      AC: 18    Str: 22    XL:     15   Next: 76%
Magic:  15/15      EV:  2    Int: 10    God:    Trog [******]
Gold:   3763       SH:  0    Dex: 17    Spells: 14/14 levels left

rFire   + . .        k - +11 dire flail of Untimely Demise {flame, Str+2 SInv}
rCold   + . .        (shield currently unavailable)
rNeg    . . .        (body armour unavailable)
rPois   .            P - +2 hat {Will+}
rElec   .            b - +0 cloak
rCorr   +            g - +1 pair of gloves
SInv    +            y - -1 pair of boots of Xohoas {rC+ Regen+ rCorr Int+2}
Will    ++...        w - amulet of reflection
Stlth   ++           c - +4 ring of protection
HPRegen 1.24/turn    G - ring of protection from fire
MPRegen 0.14/turn

%: reflection
@: paralysed
A: breathe steam, AC +9, unfitting armour, cold-blooded, steam resistance
a: Breathe Steam, Renounce Religion, Berserk, Trog's Hand, Brothers in Arms


You were on level 2 of the Orcish Mines.
You worshipped Trog.
Trog was exalted by your worship.
You visited 3 branches of the dungeon, and saw 22 of its levels.
You also visited: Ice Cave and Volcano.

You collected 4156 gold pieces.
You spent 393 gold pieces at shops.

Inventory:

Hand Weapons
 k - the +11 dire flail of Untimely Demise (weapon) {flame, Str+2 SInv}
   (You acquired it on level 5 of the Dungeon)

   Str:       It affects your strength (+2).
   SInv:      It lets you see invisible.
 U - a +0 morningstar of freezing
Missiles
 e - 2 throwing nets (quivered)
Armour
 b - a +0 cloak (worn)
 g - a +1 pair of gloves (worn)
 h - a +2 kite shield of cold resistance
 y - the -1 pair of boots of Xohoas (worn) {rC+ Regen+ rCorr Int+2}
   (You acquired it on level 3 of the Lair of Beasts)

   Int:       It affects your intelligence (+2).
   rC:        It protects you from cold.
   Regen:     It increases your rate of health regeneration.
   rCorr:     It protects you from acid and corrosion.
 P - a +2 hat of willpower (worn)
Jewellery
 c - a +4 ring of protection (left hand)
 l - a ring of protection from cold
 w - an amulet of reflection (around neck)
 x - a +4 ring of slaying
 G - a ring of protection from fire (right hand)
 S - a ring of willpower
Wands
 a - a wand of polymorph (9)
 q - a wand of flame (28)
 s - a wand of digging (11)
 A - a wand of roots (18)
 N - a wand of quicksilver (8)
Scrolls
 n - 10 scrolls of teleportation
 o - 2 scrolls of magic mapping
 r - 2 scrolls of poison
 v - 2 scrolls of noise
 C - 4 scrolls of enchant weapon
 D - 4 scrolls of fog
 E - a scroll of silence
 F - 2 scrolls of fear
 J - 2 scrolls of brand weapon
 O - 3 scrolls of blinking
 Q - a scroll of butterflies
Potions
 d - 3 potions of magic
 f - 9 potions of curing
 i - 4 potions of flight
 j - 9 potions of heal wounds
 m - a potion of resistance
 t - 2 potions of lignification
 u - a potion of cancellation
 z - a potion of haste
 B - 9 potions of might
 H - 3 potions of mutation
 I - a potion of berserk rage
 K - a potion of attraction
 M - 3 potions of brilliance
 R - a potion of invisibility


   Skills:
 + Level 18.2 Fighting
 + Level 16.8 Maces & Flails
 + Level 17.9 Dodging
 - Level 0.3 Shields


You had 14 spell levels left.
You didn't know any spells.
Your spell library was empty.

Dungeon Overview and Level Annotations

Branches:
Dungeon (15/15)            Temple (0/1) D:5            Lair (5/5) D:11
 Shoals (0/4) Lair:2       Spider (0/4) Lair:3        Slime (0/5) Lair:4
    Orc (2/2) D:10            Elf (0/3) Orc:2        Vaults (0/5) D:14
 Depths (0/4) D:15          IceCv (visited)         Volcano (visited)

Altars:
Kikubaaqudgha
Makhleb
Ru
Sif Muna
Trog
Vehumet
Xom
Yredelemnul
The Shining One
Jiyva

Shops:
D:9 (*!?   D:15 ?   Orc:2 ::((


Innate Abilities, Weirdness & Mutations

You can breathe blasts of scalding, opaque steam.
Your pale cyan-grey scales are hard. (AC +9)
You cannot fit into any form of body armour.
You are cold-blooded and may be slowed by cold attacks.
You are immune to the effects of steam.


Message History

You block the two-headed ogre's attack.
The two-headed ogre completely misses you.
The two-headed ogre hits you but does no damage.
The two-headed ogre misses you.
An ogre comes into view. It is wielding a +0 giant club.
The ogre mage points at the ogre mage and mumbles some strange words.
The ogre mage seems to speed up.
The ogre howls in fear.
You block the two-headed ogre's attack.
The two-headed ogre hits you but does no damage.
The ogre moves out of view.
You hear a shout!
The two-headed ogre completely misses you.
The two-headed ogre barely misses you.
The two-headed ogre attacks as you move away!
You block the two-headed ogre's attack. x2
The ogre mage points at the two-headed ogre and mumbles some strange words.
The two-headed ogre seems to speed up.
The two-headed ogre attacks as you move away!
The two-headed ogre completely misses you.
The two-headed ogre hits you with a +0 giant spiked club!
The ogre mage gestures at you while chanting.
You suddenly lose the ability to move!
The two-headed ogre hits you but does no damage. x2
The two-headed ogre hits you with a +0 giant club!
The two-headed ogre hits you with a +0 giant club!!
The ogre mage hits you but does no damage.
The two-headed ogre hits you with a +0 great mace!
* * * LOW HITPOINT WARNING * * *
The two-headed ogre hits you with a +0 giant spiked club.
* * * LOW HITPOINT WARNING * * *
The ogre mage hits you but does no damage.
The two-headed ogre hits you with a +0 great mace.
* * * LOW HITPOINT WARNING * * *
The two-headed ogre hits you with a +0 giant spiked club!
* * * LOW HITPOINT WARNING * * *
The two-headed ogre hits you with a +0 giant club!
* * * LOW HITPOINT WARNING * * *
The two-headed ogre hits you with a +0 giant club!
You die...

##.O########..............#
.......OOO...O...........##
......OO.O..)#).#.......##
#############))O##O.....#
##..###O....##
#...###..#.## ##.###OO....#
###.O...#.## #).@O.####
#.).### # ####)###### #...
##.###...#.## ....##
##........#..## ......
##.............## ......
#...............#
......###......#.......###
...............#.........#


You could see 4 two-headed ogres and 2 ogre magi.

Vanquished Creatures
  Rupert (D:14)
  Gastronok (Lair:1)
  2 orc warlords
  The ghost of cheesebisquit the Arsonist, a journeyman DrFE of Vehumet (D:13)
  A white draconian (IceCv)
  An entropy weaver (shapeshifter) (D:14)
  2 fire dragons
  An ice dragon (Lair:5)
  2 ogre magi (Orc:2)
  3 hydras
  Erica (D:8)
  5 centaur warriors
  5 boulder beetles
  2 dancing weapons (D:14)
  10 two-headed ogres
  A tengu warrior (D:13)
  An orc high priest (Orc:1)
  A deep elf knight (D:13)
  2 sixfirhies (D:11)
  2 skysharks
  2 soul eaters (D:11)
  Lodul (D:11)
  A wizard (D:15)
  5 lindwurms
  3 orc knights
  A necromancer (D:15)
  2 deep elf pyromancers
  A wolf spider zombie (D:15)
  2 deep elf zephyrmancers (D:13)
  4 cyclopes
  2 manticores
  6 orc sorcerers
  A wolf spider (Lair:5)
  7 ugly things
  2 merfolk sirens (Lair:2)
  5 elephants (Lair:5)
  A guardian serpent (Lair:5)
  2 ice statues (IceCv)
  A rust devil (D:11)
  A gargoyle (D:13)
  9 black mambas
  4 smoke demons (Volcano)
  A naga mage (D:15)
  Psyche (D:11)
  15 cane toads
  An efreet (D:14)
  An unseen horror (D:12)
  5 torpor snails (Lair:5)
  Maggie (D:8)
  7 komodo dragons
  8 rime drakes
  A kobold demonologist (D:12)
  3 tengu conjurers
  A red devil (D:11)
  A merfolk (Lair:2)
  3 tyrant leeches (Lair:5)
  7 trolls
  12 hornets
  A polar bear (Lair:5)
  A wind drake (shapeshifter) (D:15)
  5 blink frogs (Lair:3)
  4 meliai
  A wolf spider simulacrum (D:15)
  Prince Ribbit (D:6)
  Sigmund (D:5)
  22 slime creatures
  3 wraiths
  20 yaks
  15 wyverns
  2 vampires
  A ynoxinul (D:11)
  7 basilisks
  A death yak simulacrum (D:13)
  14 vampire mosquitoes
  A neqoxec (D:11)
  5 steam dragons
  A redback (Lair:5)
  A chaos spawn (D:11)
  7 wargs
  Edmund (D:6)
  An acid dragon (D:12)
  19 water moccasins
  2 hell hounds (Lair:3)
  26 orc warriors
  A black bear (D:6)
  A sky beast (D:6)
  17 centaurs
  12 wolves
  16 ogres
  A phantom (D:6)
  7 bullfrogs
  A kobold brigand (D:12)
  A gnoll sergeant (D:11)
  9 wights
  2 lindwurm simulacra (IceCv)
  An elephant simulacrum (D:13)
  10 killer bees
  4 electric eels
  A crimson imp (D:9)
  3 howler monkeys
  A quasit (D:11)
  A jelly (D:6)
  6 komodo dragon simulacra (IceCv)
  17 orc priests
  6 hounds
  A gnoll bouda (D:6)
  Ijyb (D:5)
  2 iguanas
  Terence (D:2)
  21 orc wizards
  2 spriggan simulacra (D:13)
  A troll simulacrum (D:13)
  A polar bear simulacrum (D:13)
  A boggart simulacrum (D:15)
  5 acid dragon simulacra (IceCv)
  5 adders
  2 naga simulacra (D:13)
  8 gnolls
  3 white imps
  8 steam dragon simulacra (IceCv)
  4 worms
  6 dart slugs
  39 orcs
  7 ball pythons
  4 bats
  13 endoplasms
  5 giant cockroaches
  7 goblins
  10 hobgoblins
  9 kobolds
  2 quokkas
  3 frilled lizards
  8 rats
636 creatures vanquished.

Vanquished Creatures (others)
  A deep elf knight (D:13)
  A rime drake (IceCv)
  An orc priest (D:10)
  2 orcs (Orc:1)
  A bush (Lair:2)
  5 demonic plants (D:11)
  24 fungi
  136 plants
171 creatures vanquished.

Grand Total: 807 creatures vanquished

Notes
Turn   | Place    | Note
-------+----------+-------------------------------------------
     0 | D:1      | meatpath the Draconian Berserker began the quest for the
                  | Orb.
     0 | D:1      | Reached XP level 1. HP: 19/19 MP: 1/1
   119 | D:1      | Reached XP level 2. HP: 26/26 MP: 2/2
   358 | D:1      | Reached XP level 3. HP: 27/33 MP: 3/3
   620 | D:1      | Reached ** piety under Trog
   883 | D:2      | Reached skill level 4 in Fighting
  1039 | D:2      | Reached XP level 4. HP: 28/40 MP: 4/4
  1116 | D:2      | Noticed Terence
  1120 | D:2      | Killed Terence
  1577 | D:2      | Found a faded altar of an unknown god.
  2208 | D:3      | Found a sacrificial altar of Ru.
  2209 | D:3      | Found a basalt altar of Yredelemnul.
  2588 | D:4      | Reached XP level 5. HP: 47/47 MP: 5/5
  2867 | D:4      | Reached *** piety under Trog
  2944 | D:5      | Entered Level 5 of the Dungeon
  2945 | D:5      | Identified 2 scrolls of acquirement
  2945 | D:5      | Acquired a manual of Dodging
  2946 | D:5      | Acquired the +11 dire flail of Untimely Demise {flame,
                  | Str+2 SInv}
  2976 | D:5      | Noticed Sigmund
  2982 | D:5      | Killed Sigmund
  2983 | D:5      | Reached skill level 5 in Fighting
  2983 | D:5      | Reached XP level 6. HP: 56/56 MP: 6/6
  3111 | D:5      | Found a staircase to the Ecumenical Temple.
  3136 | D:5      | Noticed Ijyb
  3143 | D:5      | Killed Ijyb
  3297 | D:5      | Reached skill level 5 in Dodging
  3386 | D:5      | Reached skill level 5 in Maces & Flails
  3784 | D:6      | Noticed a water moccasin
  3787 | D:6      | Noticed Prince Ribbit
  3789 | D:6      | Killed a water moccasin
  3790 | D:6      | Your scales start taking on a pale cyan-grey colour.
  3790 | D:6      | Reached XP level 7. HP: 62/62 MP: 7/7
  3790 | D:6      | Gained mutation: You are immune to the effects of steam.
                  | [Pale Draconian growth]
  3795 | D:6      | Killed Prince Ribbit
  3796 | D:6      | Reached skill level 6 in Fighting
  3924 | D:6      | Reached XP level 8. HP: 71/71 MP: 8/8
  3947 | D:6      | Reached skill level 7 in Fighting
  4223 | D:6      | Noticed Edmund
  4229 | D:6      | Killed Edmund
  4596 | D:7      | Reached skill level 8 in Fighting
  4596 | D:7      | Reached **** piety under Trog
  4650 | D:7      | Reached XP level 9. HP: 81/81 MP: 9/9
  5073 | D:8      | Noticed Erica
  5088 | D:8      | Killed Erica
  5092 | D:8      | Reached skill level 9 in Fighting
  5168 | D:8      | Noticed a boulder beetle
  5186 | D:8      | Killed a boulder beetle
  5187 | D:8      | Reached skill level 10 in Dodging
  5845 | D:8      | Noticed Maggie
  5851 | D:8      | Killed Maggie
  5852 | D:8      | Reached XP level 10. HP: 93/93 MP: 10/10
  5984 | D:9      | Found Qaqon's Magic Scroll Shop.
  6029 | D:9      | Found Hot Dei's Distillery.
  6032 | D:9      | Bought a potion of curing for 30 gold pieces
  6032 | D:9      | Bought a potion of heal wounds for 50 gold pieces
  6032 | D:9      | Bought a potion of mutation for 80 gold pieces
  6071 | D:9      | Found Zevvo's General Store.
  6178 | D:9      | Found Lixkeixt's Weapon Boutique.
  6232 | D:9      | Reached skill level 10 in Fighting
  6382 | D:9      | Found a radiant altar of Vehumet.
  6383 | D:9      | Found a burning altar of Makhleb.
  6434 | D:10     | Entered Level 10 of the Dungeon
  6766 | D:10     | Found a staircase to the Orcish Mines.
  7008 | D:10     | Noticed a two-headed ogre
  7014 | D:10     | Killed a two-headed ogre
  7300 | D:11     | Reached skill level 10 in Maces & Flails
  7321 | D:11     | Reached skill level 11 in Fighting
  7325 | D:11     | Noticed a two-headed ogre
  7340 | D:11     | Reached ***** piety under Trog
  7345 | D:11     | Killed a two-headed ogre
  7347 | D:11     | Reached XP level 11. HP: 85/102 MP: 11/11
  7407 | D:11     | Found a staircase to the Lair.
  7725 | D:11     | Noticed a soul eater
  7816 | D:11     | Killed a soul eater
  8026 | D:11     | Noticed a soul eater
  8027 | D:11     | Noticed a sixfirhy
  8037 | D:11     | Killed a sixfirhy
  8042 | D:11     | Killed a soul eater
  8186 | D:11     | Noticed a sixfirhy
  8197 | D:11     | Reached skill level 12 in Fighting
  8198 | D:11     | Killed a sixfirhy
  8373 | D:11     | Noticed Psyche
  8380 | D:11     | Killed Psyche
  8642 | D:11     | Noticed Lodul
  8662 | D:11     | Killed Lodul
  8949 | D:12     | Noticed a two-headed ogre
  8960 | D:12     | Killed a two-headed ogre
  9007 | D:11     | Noticed a boulder beetle
  9018 | D:11     | Killed a boulder beetle
  9019 | D:11     | Reached XP level 12. HP: 44/113 MP: 12/12
  9238 | D:12     | Noticed a boulder beetle
  9250 | D:12     | Killed a boulder beetle
  9250 | D:12     | Received a gift from Trog
  9353 | D:12     | Reached skill level 13 in Fighting
  9549 | D:12     | Found a shimmering altar of Xom.
  9740 | D:12     | Noticed a two-headed ogre
  9748 | D:12     | Killed a two-headed ogre
  9974 | D:12     | Noticed a boulder beetle
  9978 | D:12     | Killed a boulder beetle
 10219 | Lair:1   | Entered Level 1 of the Lair of Beasts
 10224 | Lair:1   | Noticed Gastronok
 10393 | D:11     | Acquired the +1 pair of boots of the Undertaker {Dex+4}
 10412 | Lair:1   | Killed Gastronok
 10672 | Lair:1   | Found an ancient bone altar of Kikubaaqudgha.
 10755 | Lair:1   | Reached skill level 14 in Fighting
 10795 | Lair:1   | Identified the +4 ring mail of the Moon {rC+ Dex+3}
 11267 | Lair:2   | Reached skill level 15 in Dodging
 11393 | Lair:2   | Noticed a four-headed hydra
 11405 | Lair:2   | Killed a four-headed hydra
 11464 | Lair:2   | Found a staircase to the Shoals.
 11533 | Lair:2   | Reached XP level 13. HP: 124/124 MP: 13/13
 11878 | Lair:2   | Received a gift from Trog
 12241 | Lair:3   | Acquired the -1 pair of boots of Xohoas {rC+ Regen+ rCorr
                  | Int+2}
 12471 | Lair:3   | Found a hole to the Spider Nest.
 12570 | Lair:3   | Found a dark tunnel.
 12585 | Volcano  | Entered a volcano
 12761 | Volcano  | Reached skill level 15 in Fighting
 12780 | Volcano  | Noticed a fire dragon
 12796 | Volcano  | Killed a fire dragon
 13158 | Lair:3   | Identified the +4 flail "Aramutag" {elec, *Rage rElec rN+++
                  | Str+3}
 13589 | Lair:4   | You fall into a shaft and drop 1 floor!
 13589 | Lair:5   | Entered Level 5 of the Lair of Beasts
 14146 | Lair:4   | Reached ****** piety under Trog
 14287 | Lair:4   | Found a viscous altar of Jiyva.
 14287 | Lair:4   | Found a staircase to the Slime Pits.
 14711 | Lair:5   | Reached XP level 14. HP: 105/136 MP: 14/14
 14892 | Lair:5   | Reached skill level 16 in Fighting
 15000 | Lair:5   | Received a gift from Trog
 15065 | Lair:5   | Found a runed translucent door.
 15164 | Lair:5   | Paralysed by a hornet for 3 turns
 15199 | Lair:5   | Reached skill level 15 in Maces & Flails
 16006 | D:13     | Found a frozen archway.
 16027 | IceCv    | Entered an ice cave
 16142 | IceCv    | Received a gift from Trog
 16495 | D:13     | Found a runed translucent gate.
 16495 | D:13     | Found a runed translucent gate.
 16495 | D:13     | Found a runed translucent gate.
 16495 | D:13     | Noticed cheesebisquit's ghost (journeyman DrFE)
 16508 | D:13     | Killed cheesebisquit's ghost
 17397 | D:13     | Reached skill level 17 in Fighting
 17607 | D:14     | Acquired 913 gold pieces
 17648 | D:14     | Noticed Rupert
 17661 | D:14     | Killed Rupert
 17922 | D:14     | Reached XP level 15. HP: 112/147 MP: 15/15
 18143 | D:14     | Found a gate to the Vaults.
 18181 | D:14     | Found a glowing golden altar of the Shining One.
 18283 | D:14     | Received a gift from Trog
 18369 | D:15     | Entered Level 15 of the Dungeon
 18765 | D:15     | Found a shimmering blue altar of Sif Muna.
 18961 | D:15     | Found Ofur's Magic Scroll Shop.
 18998 | D:15     | Bought a scroll of magic mapping for 97 gold pieces
 18998 | D:15     | Bought a scroll of enchant armour for 97 gold pieces
 18998 | D:15     | Bought a scroll of teleportation for 39 gold pieces
 19166 | D:15     | Found a staircase to the Depths.
 19360 | Orc:1    | Entered Level 1 of the Orcish Mines
 19665 | D:10     | Received a gift from Trog
 19825 | Orc:1    | Reached skill level 18 in Fighting
 20377 | Orc:1    | Found a bloodstained altar of Trog.
 20546 | Orc:2    | Entered Level 2 of the Orcish Mines
 20549 | Orc:2    | Found a staircase to the Elven Halls.
 20702 | Orc:2    | Found Feph's Antique Weapon Shoppe.
 20702 | Orc:2    | Found Setwaasm's Book Shop.
 20702 | Orc:2    | Found Gineycro's Antique Weapon Shop.
 20702 | Orc:2    | Found Nelabb's Book Emporium.
 20752 | Orc:2    | Identified the +12 battleaxe "Odyan" {heavy, rPois Will+
                  | Str-5} (Trog gifted it to you on level 2 of the Orcish
                  | Mines)
 20752 | Orc:2    | Received a gift from Trog
 20765 | Orc:2    | Paralysed by an ogre mage for 5 turns
 20768 | Orc:2    | Slain by a two-headed ogre

Illustrated notes

Levels and vault maps discovered:
D:1:      shiori_arrival_whats_in_store_for_you, layout_basic,
          minmay_misc_feat_plants, chequers_avenue, st_stairs_11
D:2:      layout_loops_ring, shapermc_ecumenical_altar_petra,
          minmay_divided_ellipse, uniq_terence
D:3:      layout_loops_ring, mainiacjoe_overflow_divided_tiny,
          serial_bayou_crossing
D:4:      layout_basic
D:5:      layout_gridville, minmay_temple_entry_sparse_star, uniq_sigmund,
          uniq_ijyb
D:6:      layout_rooms, uniq_edmund, uniq_prince_ribbit1
D:7:      layout_basic
D:8:      layout_basic, nrook_mini_vaults, uniq_maggie, uniq_erica
D:9:      layout_gridville, grunt_temple_overflow_lords_of_destruction,
          serial_shops, nicolae_shop_trees, shop, nicolae_shop_hallway_stairs,
          nicolae_shop_behind_doors
D:10:     layout_small_grid, minmay_orc_entry_temple_small
D:11:     layout_irregular_city, erik_lair_island, serial_demonic,
          serial_demonic_d, serial_demonic_d, serial_demonic_g,
          serial_demonic_e, lemuel_flamethrower_2, uniq_lodul, uniq_psyche
D:12:     layout_irregular_city, tgw_xom
D:13:     layout_loops_corners, ebering_ghost_rock_garden,
          portal_ice_cave_entry_ice_simulacra
D:14:     layout_rooms, erik_vaults_1, tso_altar, uniq_rupert
D:15:     grunt_enter_depths_magical_seal, layout_cave_pools, serial_shops,
          shop, hangedman_decor_points, nicolae_sif_muna_condensation
Lair:1:   layout_loops_ring, hangedman_lair_unloving_vines,
          lemuel_centaur_altar, serial_bayou_shore_a, uniq_gastronok
Lair:2:   layout_concentric_octagons, elwin_shoals_entry_rooms
Lair:3:   layout_loops_ring, hellmonk_spider_entry_not_the_bees, serial_forest,
          infiniplex_forest_straight_4, infiniplex_forest_split,
          infiniplex_forest_zigzag_1, infiniplex_forest_straight_3,
          infiniplex_forest_clump_C, infiniplex_forest_clump_small,
          infiniplex_forest_straight_2, enter_volcano_3
Lair:4:   layout_roguey, dpeg_slime_entry_enclosed, grunt_megastairs_2
Lair:5:   hangedman_lair_tendril_chambers, layout_cave_pods, wormcave
Orc:1:    layout_caves, basic_altar, minmay_orc_treasury
Orc:2:    st_orc_ogre_mass, layout_diamond_mine, basic_altar, roderic_batcave,
          uniq_azrael

Skill      XL: |  1  2  3  4  5  6  7  8  9 10 11 12 13 14 15 |
---------------+----------------------------------------------+-----
Dodging        | 3 4 5 6 8 10 12 14 15 16 17 | 17.9
Fighting       | 4 5 6 8 9 11 12 14 15 17 18 | 18.2
Maces & Flails | 4 5 6 7 8 10 11 13 14 15 16 | 16.8
Shields        | |  0.3

Action                     |  1- 3 |  4- 6 |  7- 9 | 10-12 | 13-15 || total
---------------------------+-------+-------+-------+-------+-------++-------
  Melee: Mace              |   131 |    40 |       |       |       ||   171
         Tailslap          |    16 |    11 |    15 |    66 |   181 ||   289
         Punch             |     3 |       |       |       |       ||     3
         Morningstar       |       |    27 |       |       |       ||    27
         Dire flail        |       |    30 |   110 |   447 |  1091 ||  1678
 Invoke: Berserk           |     1 |     1 |     1 |     2 |     8 ||    13
    Use: Scroll            |     1 |     5 |     3 |    10 |    15 ||    34
         Potion            |       |       |       |       |     2 ||     2
   Stab: Sleeping          |     4 |     1 |     1 |     1 |     3 ||    10
         Distracted        |       |       |     1 |       |       ||     1
         Fleeing           |       |       |       |       |     1 ||     1
 Armour: Skin              |    51 |    32 |    20 |   106 |   223 ||   432
  Dodge: Dodged            |    88 |    55 |    62 |   345 |   810 ||  1360
  Block: Buckler           |       |     2 |       |       |       ||     2
         Other             |       |       |    15 |    84 |   215 ||   314
         Reflection        |       |       |     1 |     8 |    14 ||    23

Table legend: (Time is in decaauts)
 A = Elapsed time spent in this place.
 B = Non-inter-level travel time spent in this place.
 C = Inter-level travel time spent in this place.
 D = Time resting spent in this place.
 E = Time spent auto-exploring this place.
 F = Levels seen in this place.
 G = Mean time per level.
                   A        B        C        D        E       F      G
               +--------+--------+--------+--------+--------+-----+--------+
         Total |  20472 |  19680 |    792 |   3740 |  11254 |  24 |  853.0 |
       Dungeon |  13636 |  13094 |    542 |   3203 |   7196 |  15 |  909.1 |
          Lair |   5003 |   4777 |    226 |    365 |   3293 |   5 | 1000.6 |
  Orcish Mines |   1073 |   1050 |     23 |     52 |    604 |   2 |  536.5 |
      Ice Cave |    419 |    419 |      0 |     45 |    126 |   1 |  419.0 |
       Volcano |    340 |    340 |      0 |     74 |     35 |   1 |  340.0 |
               +--------+--------+--------+--------+--------+-----+--------+

Top non-repeatable levels by time:
    D:11: 2087 daAuts
  Lair:5: 1498 daAuts
    D:13: 1232 daAuts
    D:10: 1163 daAuts
     D:2: 1030 daAuts
    D:12: 1016 daAuts
  Lair:2: 986 daAuts
    D:14: 887 daAuts
  Lair:1: 882 daAuts
   Orc:1: 868 daAuts
     D:8: 850 daAuts
     D:5: 840 daAuts
  Lair:3: 838 daAuts
  Lair:4: 797 daAuts
     D:3: 777 daAuts
